 Dungeon Crawl Stone Soup version 0.31-a0-544-gceb718ecc6 (webtiles) character file.

Game seed: 15581066582029832028

2142 IdlyInterested the Fighter (level 9, -1/75 HPs)
             Began as a Demonspawn Gladiator on Aug 15, 2023.
             Succumbed to a water moccasin's poison
             ... on level 7 of the Dungeon.
             The game lasted 00:24:52 (7147 turns).

IdlyInterested the Fighter (Demonspawn Gladiator)   Turns: 7147, Time: 00:24:53

Health: -1/75      AC: 15    Str: 17    XL:     9   Next: 9%
Magic:  18/18      EV: 12    Int: 10    God:
Gold:   161        SH:  0    Dex: 16    Spells: 8/8 levels left

rFire   . . .        M - +2 dagger (elec)
rCold   + . .        (no shield)
rNeg    . . .        S - +3 ring mail {rC+}
rPois   .            (helmet restricted)
rElec   .            (no cloak)
rCorr   .            f - +0 pair of gloves
SInv    .            s - +0 pair of boots
Will    .....        (no amulet)
Stlth   +            l - ring of magical power
HPRegen 0.32/turn    L - +4 ring of protection
MPRegen 0.16/turn

%: no passive effects
@: lethally poisoned (-1 -> -14), corroded, sanguine armoured
A: antennae 1, powered by pain 1, sanguine armour 2
a: no special abilities


You were on level 7 of the Dungeon.
You visited 2 branches of the dungeon, and saw 8 of its levels.

You collected 323 gold pieces.
You spent 162 gold pieces at shops.

Inventory:

Hand Weapons
 a - a +0 rapier
 F - a +0 long sword
 J - a +0 quarterstaff
 M - a +2 dagger of electrocution (weapon)
 R - a +2 dagger of freezing
Missiles
 d - 3 throwing nets
 e - 3 javelins
 q - 52 stones
 A - 4 boomerangs
 B - 14 poisoned darts (quivered)
Armour
 f - a +0 pair of gloves (worn)
 s - a +0 pair of boots (worn)
 v - a +0 chain mail
 S - a +3 ring mail of cold resistance (worn)
Magical Staves
 n - a staff of poison
 u - a staff of air
Jewellery
 l - a ring of magical power (left hand)
 L - a +4 ring of protection (right hand)
Talismans
 p - a beast talisman
 D - a flux talisman
 I - a maw talisman
Wands
 y - a wand of polymorph (9)
Scrolls
 c - a scroll of revelation
 g - 6 scrolls of teleportation
 h - a scroll of enchant armour {unknown}
 j - 3 scrolls of enchant weapon
 m - a scroll of poison
 r - 2 scrolls of fear
 w - a scroll of torment {unknown}
 x - a scroll of summoning {unknown}
 N - a scroll of blinking {unknown}
 P - a scroll of vulnerability {unknown}
Potions
 o - a potion of attraction
 z - a potion of lignification
 E - a potion of invisibility {unknown}
 G - a potion of curing {unknown}
 H - a potion of resistance {unknown}
 K - a potion of might {unknown}
 O - a potion of enlightenment {unknown}
 Q - a potion of haste {unknown}


   Skills:
 + Level 8.8 Fighting
 - Level 4.0 Short Blades
 - Level 2.0 Throwing
 - Level 3.0 Armour
 - Level 4.0 Dodging
 - Level 1.0 Stealth
 - Level 3.0 Shields
 - Level 1.0 Unarmed Combat
 - Level 1.0 Evocations
 - Level 3.0 Shapeshifting


You had 8 spell levels left.
You didn't know any spells.
Your spell library contained the following spells:

 Spells                   Type           Power      Damage    Failure   Level
 Necrotise                Necr           0%         1d4       56%         1
 Blink                    Tloc           0%         N/A       71%         2
 Lesser Beckoning         Tloc           0%         N/A       71%         2
 Momentum Strike          Conj/Tloc      0%         3d8       71%         2
 Vampiric Draining        Necr           0%         2d6       90%         3
 Agony                    Necr           0%         N/A       100%        5


Dungeon Overview and Level Annotations

Branches:
Dungeon (7/15)             Temple (1/1) D:5

Altars:
Ashenzari
Cheibriados
Dithmenos
Fedhas
Gozag
Kikubaaqudgha
Makhleb
Nemelex Xobeh
Okawaru
Qazlal
Ru
Trog
Uskayaw
Vehumet
Wu Jian
Xom

Shops:
D:5 (*   D:6 ([((

Annotations:
D:7 Pikel


Innate Abilities, Weirdness & Mutations

You have a pair of small antennae on your head.
You sometimes gain a little power by taking damage.
When seriously injured, your blood forms thick armour. (AC +9)


Message History

The acid corrodes you! The lemure hits you.
* * * LOW HITPOINT WARNING * * *
The lemure completely misses you.
You hit Pikel.
Pikel is moderately wounded.
You feel very sick. The water moccasin misses you.
The lemure barely misses you. The lemure hits you but does no damage.
Pikel hits you with a +2 whip of freezing.
* * * LOW HITPOINT WARNING * * *
The lemure hits you but does no damage.
The water moccasin bites you but does no damage.
You hit Pikel but do no damage.
Pikel is moderately wounded.
You feel sick. The lemure hits you but does no damage.
Pikel hits you but does no damage. The lemure hits you.
* * * LOW HITPOINT WARNING * * *
The lemure hits you but does no damage. The water moccasin closely misses you.
You hit Pikel but do no damage. Lightning courses through Pikel!
Pikel is severely wounded.
You feel sick. The water moccasin bites you.
* * * LOW HITPOINT WARNING * * *
You are lethally poisoned!
The water moccasin poisons you! The lemure barely misses you.
The lemure hits you but does no damage. Pikel hits you but does no damage.
The lemure hits you but does no damage.
You miss Pikel.
Pikel is severely wounded.
* * * LOW HITPOINT WARNING * * *
You feel very sick. The water moccasin barely misses you.
You hit Pikel but do no damage.
Pikel is severely wounded.
* * * LOW HITPOINT WARNING * * *
You feel very sick. Pikel hits you but does no damage.
The lemure hits you but does no damage. x3
The water moccasin closely misses you.
You hit Pikel but do no damage.
Pikel is severely wounded.
You die...

....................#⌠#
##...?..........###.###
##..............#⌠..)⌠#
##.............###....†###..
#.....#........#⌠...<...⌠#..
##..###........###.....###..
#### ##.........#⌠...⌠# ..
##..S5....###.### .
##.@55.....#⌠# ##5K.....$###
##.......... $.....#...
......# .....## ...##.. ....
..


You could see Pikel, a water moccasin and 4 lemures.

Vanquished Creatures
  Grinder (D:4)
  A water moccasin (D:7)
  Duvessa (D:6)
  Edmund (D:5)
  2 sky beasts (D:7)
  2 ice beasts
  A black bear (D:6)
  An ogre (D:4)
  A centaur (D:5)
  2 bullfrogs
  3 scorpions
  Dowan (D:6)
  2 howler monkeys
  A gnoll bouda (D:5)
  A hound (D:6)
  A jelly (D:4)
  2 sleepcaps
  5 orc wizards (D:6)
  2 iguanas
  10 gnolls
  10 adders
  3 worms
  3 dart slugs
  13 orcs
  7 endoplasms
  2 giant cockroaches
  6 goblins
  8 hobgoblins
  7 jackals
  6 kobolds
  2 quokkas
  6 ball pythons
  3 bats
  3 frilled lizards
  8 rats
128 creatures vanquished.

Notes
Turn   | Place    | Note
-------+----------+-------------------------------------------
     0 | D:1      | IdlyInterested the Demonspawn Gladiator began the quest for
                  | the Orb.
     0 | D:1      | Reached XP level 1. HP: 16/16 MP: 1/1
   262 | D:1      | Gained mutation: You sometimes gain a little power by
                  | taking damage. [demonic ancestry]
   262 | D:1      | Reached XP level 2. HP: 21/23 MP: 2/2
  1535 | D:2      | Gained mutation: When seriously injured, your blood forms
                  | armour. (AC +9) [demonic ancestry]
  1535 | D:2      | Reached XP level 3. HP: 28/28 MP: 3/3
  1552 | D:2      | Found a faded altar of an unknown god.
  1572 | D:2      | Reached skill level 3 in Fighting
  2009 | D:2      | Found a sacrificial altar of Ru.
  2251 | D:3      | Reached skill level 1 in Shapeshifting
  2251 | D:3      | Reached XP level 4. HP: 21/35 MP: 4/4
  2267 | D:3      | Reached skill level 1 in Evocations
  2470 | D:3      | Reached skill level 1 in Stealth
  2732 | D:3      | Found a stormy altar of Qazlal.
  2732 | D:3      | Found a shadowy altar of Dithmenos.
  2884 | D:3      | Reached XP level 5. HP: 35/42 MP: 5/5
  3099 | D:3      | Reached skill level 1 in Armour
  3200 | D:4      | Reached skill level 4 in Fighting
  3410 | D:4      | Noticed Grinder
  3428 | D:4      | Reached XP level 6. HP: 48/49 MP: 6/6
  3443 | D:4      | Paralysed by Grinder for 3 turns
  3450 | D:4      | Killed Grinder
  3451 | D:4      | Reached skill level 6 in Fighting
  3580 | D:4      | Gained mutation: You have a pair of small antennae on your
                  | head. [demonic ancestry]
  3580 | D:4      | Reached XP level 7. HP: 24/58 MP: 7/7
  4019 | D:4      | Found an ornate altar of the Wu Jian Council.
  4434 | D:4      | Found a sparkling altar of Nemelex Xobeh.
  4512 | D:4      | Found a bloodstained altar of Trog.
  4742 | D:5      | Entered Level 5 of the Dungeon
  4970 | D:5      | Reached skill level 7 in Fighting
  4999 | D:5      | Found Mocauri's Assorted Antiques.
  5018 | D:5      | Bought a runed marble ring for 135 gold pieces
  5018 | D:5      | Bought a scroll labelled DEARIC EV HEUDD for 27 gold pieces
  5066 | D:5      | Found Leinon's Antique Weapon Boutique.
  5115 | D:5      | Noticed Edmund
  5125 | D:5      | Killed Edmund
  5126 | D:5      | Gained mutation: When seriously injured, your blood forms
                  | thick armour. (AC +9) [demonic ancestry]
  5126 | D:5      | Reached XP level 8. HP: 60/67 MP: 8/8
  5347 | D:5      | Found a staircase to the Ecumenical Temple.
  5356 | Temple   | Entered the Ecumenical Temple
  5493 | D:5      | Reached skill level 1 in Shields
  5664 | D:5      | Found an opulent altar of Gozag.
  5951 | D:6      | Found Cutao's Antique Armour Emporium.
  6104 | D:6      | Found Uxzit's Weapon Emporium.
  6303 | D:6      | Found Lan Huat's Weapon Boutique.
  6415 | D:6      | Found an iron altar of Okawaru.
  6417 | D:6      | Found a snail-covered altar of Cheibriados.
  6418 | D:6      | Found a blossoming altar of Fedhas.
  6418 | D:6      | Found a radiant altar of Vehumet.
  6418 | D:6      | Found a hide-covered altar of Uskayaw.
  6567 | D:6      | Found Teumny's Antique Weapon Shop.
  6607 | D:6      | Noticed Duvessa
  6607 | D:6      | Noticed Dowan
  6625 | D:6      | Reached skill level 8 in Fighting
  6625 | D:6      | Reached skill level 1 in Unarmed Combat
  6632 | D:6      | Killed Duvessa
  6654 | D:6      | Killed Dowan
  7106 | D:7      | Reached XP level 9. HP: 49/75 MP: 9/9
  7118 | D:7      | Noticed Pikel
  7146 | D:7      | HP: 2/75 [poisoned by a water moccasin]
  7147 | D:7      | Succumbed to a water moccasin's poison

Illustrated notes

Levels and vault maps discovered:
D:1:      lordsloth_arrival_two_stooges, layout_basic, serial_forest,
          infiniplex_forest_clump_medium, infiniplex_forest_end_3,
          infiniplex_forest_lined_ring, infiniplex_forest_clump_tiny
D:2:      layout_basic, ebering_ecumenical_altar_ruins, basic_altar
D:3:      layout_basic, gammafunk_temple_overflow_pools
D:4:      layout_loops_ring, lemuel_doored_altar, nemelex_dance_club_becter,
          nzn_wu_jian_contemplation, uniq_grinder
D:5:      layout_rooms, lemuel_tele_altar, minmay_temple_entry_poolview,
          serial_shops, nicolae_stop_n_shop_1, shop, uniq_edmund
D:6:      layout_loops_corners, grunt_temple_overflow_open, serial_shops,
          kennysheep_mini, nicolae_shop_pleasant_corner_grove,
          nicolae_shop_tiny_real_fake_doors, nicolae_shop_stone, uniq_duvessa
D:7:      layout_cave_pools, mainiacjoe_overflow_alcove_1, serial_shops,
          nicolae_shop_just_a_little_nook, shop_fountains,
          nicolae_inconvenience_store, shop, nicolae_shop_gibbet_a_chance,
          nicolae_fountain_basement, uniq_prince_ribbit1, uniq_pikel,
          uniq_crazy_yiuf_cottage, uniq_joseph
Temple:   hellmonk_temple_of_storms

Skill      XL: |  1  2  3  4  5  6  7  8 |
---------------+-------------------------+-----
Short Blades   | 3 4 |  4.0
Dodging        | 3 4 |  4.0
Fighting       | 3 4 6 7 8 |  8.8
Throwing       | 2 |  2.0
Shapeshifting  | 1 3 |  3.0
Evocations     | 1 |  1.0
Stealth        | 1 |  1.0
Armour         | 2 3 |  3.0
Shields        | 3 |  3.0
Unarmed Combat | 1 |  1.0

Action                     |  1- 3 |  4- 6 |  7- 9 || total
---------------------------+-------+-------+-------++-------
  Melee: Rapier            |   329 |   184 |   175 ||   688
         Punch             |     6 |     1 |     2 ||     9
         Dagger            |       |       |   202 ||   202
  Throw: Stone             |       |     2 |     1 ||     3
         Javelin           |       |     1 |     4 ||     5
         Dart              |       |     4 |    41 ||    45
    Use: Scroll            |     4 |     1 |     2 ||     7
         Potion            |       |     2 |     4 ||     6
 Armour: Leather armour    |     3 |       |       ||     3
         Robe              |     9 |       |       ||     9
         Scale mail        |    24 |    67 |       ||    91
         Chain mail        |       |    24 |   137 ||   161
         Ring mail         |       |       |    67 ||    67
  Dodge: Dodged            |    47 |    89 |   130 ||   266

Table legend: (Time is in decaauts)
 A = Elapsed time spent in this place.
 B = Non-inter-level travel time spent in this place.
 C = Inter-level travel time spent in this place.
 D = Time resting spent in this place.
 E = Time spent auto-exploring this place.
 F = Levels seen in this place.
 G = Mean time per level.
                   A        B        C        D        E       F      G
               +--------+--------+--------+--------+--------+-----+--------+
         Total |   7132 |   6220 |    912 |    576 |   3621 |   8 |  891.5 |
       Dungeon |   7091 |   6218 |    873 |    576 |   3621 |   7 | 1013.0 |
        Temple |     40 |      1 |     39 |      0 |      0 |   1 |   40.0 |
               +--------+--------+--------+--------+--------+-----+--------+

Top non-repeatable levels by time:
     D:4: 1684 daAuts
     D:1: 1500 daAuts
     D:6: 1065 daAuts
     D:3: 964 daAuts
     D:5: 948 daAuts
     D:2: 825 daAuts
     D:7: 102 daAuts
  Temple: 40 daAuts
